 Dungeon Crawl Stone Soup version 0.13.1-17-g0f9d4ff (webtiles) character file.

739 Lilouch the Covered (level 7, -12/53 HPs)
             Began as a Mummy Fighter on Dec 15, 2013.
             Mangled by an ogre
             ... wielding a +0,+0 giant club
              (29 damage)
             ... on Level 4 of the Dungeon.
             The game lasted 00:14:49 (4576 turns).

Lilouch the Covered (Mummy Fighter)                 Turns: 4576, Time: 00:14:49

HP -12/53        AC 11     Str 21      XL: 7   Next:  7%
MP   6/6         EV  5     Int  7      God:
Gold 189         SH 19     Dex 11      Spells:  0 memorised,  6 levels left

Res.Fire  : x . .   See Invis. : .   w - +2,+0 elf trident
Res.Cold  : + . .   Warding    : .   i - +0 elf chain mail
Life Prot.: + + +   Conserve   : .   c - +0 shield
Res.Poison: +       Res.Corr.  : .   (no helmet)
Res.Elec. : .       Clarity    : .   (no cloak)
Sust.Abil.: . .     Spirit.Shd : .   j - +0 pair of gloves (curse)
Res.Mut.  : .       Stasis     : .   (no boots)
Res.Rott. : +       Flight     : .   (no amulet)
Saprovore : . . .                    (no ring)
                                     (no ring)

@: somewhat resistant to hostile enchantments, extremely unstealthy
A: no food or potions, fire vulnerability, restore body, cold resistance 1, life
protection 3, poison resistance, torment resistance, unbreathing
a: no special abilities


You were on level 4 of the Dungeon.
You were not hungry.

You visited 1 branch of the dungeon, and saw 6 of its levels.

You collected 169 gold pieces.

Inventory:

Hand weapons
 w - a +2,+0 elven trident (weapon)
Missiles
 f - 13 poisoned needles
 o - 2 curare-tipped needles
 y - 17 arrows of dispersal
Armour
 a - a +0 plate armour
 c - a +0 shield (worn)
 i - a +0 elven chain mail (worn)
 j - a cursed +0 pair of gloves (worn)
Magical devices
 r - a wand of confusion (0)
 t - a wand of draining (4)
Scrolls
 b - a scroll of random uselessness {unknown}
 e - 3 scrolls of identify {unknown}
 g - a scroll of noise {unknown}
 h - 6 scrolls of remove curse {unknown}
 m - 2 scrolls of teleportation {unknown}
 n - a scroll of amnesia {unknown}
 p - a scroll of enchant weapon I {unknown}
 s - 3 scrolls of recharging {unknown}
 u - a scroll of blinking {unknown}
Jewellery
 d - an uncursed ring of ice {unknown}
 k - an uncursed ring of protection from cold {unknown}
 l - a cursed ring of hunger {unknown}
 q - an uncursed ring of poison resistance {unknown}
 x - an uncursed ring of protection from cold {unknown}


   Skills:
 - Level 3.0 Fighting
 + Level 3.4 Polearms
 * Level 5.2 Armour
 + Level 3.6 Shields


You had 6 spell levels left.
You didn't know any spells.

Dungeon Overview and Level Annotations

Branches:
Dungeon (6/27)
 Temple: D:4-7          Orc: D:6-11

Altars:
Nemelex Xobeh

Shops:
D:4 +

Annotations:
D:6 Dowan, Duvessa


Innate Abilities, Weirdness & Mutations

You do not eat or drink.
Your flesh is vulnerable to fire.
Your flesh is cold resistant.
You are immune to negative energy.
Your system is resistant to poisons.
You are immune to unholy pain and torment.
You can survive without breathing.


Message History

The ogre hits you with a giant club.
You hit the ogre.
The ogre is heavily wounded.
You block the ogre's attack.
You hit the ogre.
The ogre is severely wounded.
The ogre hits you with a giant club!
You hit the ogre.
The ogre is almost dead.
The ogre hits you with a giant club!
You hit the ogre.
The ogre is almost dead.
You hit the ogre.
The ogre is almost dead.
You block the ogre's attack.
You closely miss the ogre.
The ogre is almost dead.
The ogre hits you with a giant club!
Ouch! That really hurt!
You die...

#.##.### #.#.#.##
......<# #.#....##
.......# #.#.#...#
#.##.#.####.#.##..#
#.##...>......##).#
#...........####..#
######.###### #..#
#.# #O.# ######.#
#@.# .......#
####..#### ######>#
#........#######
#.#
#................
#.#
#.##..##.#######
#.# #.##........#
#.####
#.##.###.##.#
#....#
#.##.###.##.#
########.#
#........##.#


You could see an ogre.

Vanquished Creatures
  The ghost of Zapata the Cutter, an average KoBe of Trog (D:3)
  A crimson imp (D:5)
  A giant frog skeleton (D:4)
  5 worker ants
  Jessica (D:3)
  An ogre zombie (D:5)
  3 gnolls (D:3)
  8 adders
  A giant mite (D:3)
  5 worms
  A goliath beetle zombie (D:5)
  2 giant geckos
  4 orcs
  2 giant cockroaches
  10 goblins
  8 hobgoblins
  4 jackals
  8 kobolds
  3 oozes
  3 quokkas
  A ball python (D:1)
  3 bats
  5 giant newts
  2 goblin skeletons (D:4)
  2 kobold skeletons (D:4)
  7 rats
92 creatures vanquished.

Notes
Turn   | Place    | Note
--------------------------------------------------------------
     0 | D:1      | Lilouch, the Mummy Fighter, began the quest for the Orb.
     0 | D:1      | Reached XP level 1. HP: 18/18 MP: 0/0
   127 | D:1      | Reached XP level 2. HP: 24/24 MP: 1/1
   499 | D:1      | Found a sparkling altar of Nemelex Xobeh.
   602 | D:2      | Reached XP level 3. HP: 30/30 MP: 2/2
   925 | D:2      | Reached XP level 4. HP: 32/36 MP: 3/3
  1813 | D:3      | Noticed Zapata's ghost (average KoBe)
  2054 | D:4      | Reached XP level 5. HP: 35/41 MP: 4/4
  2287 | D:4      | Reached skill level 4 in Armour
  2440 | D:3      | Noticed Jessica
  2506 | D:3      | Killed Jessica
  2946 | D:3      | Reached XP level 6. HP: 48/48 MP: 5/5
  3977 | D:3      | Killed Zapata's ghost
  4095 | D:5      | Entered Level 5 of the Dungeon
  4099 | D:6      | Noticed Duvessa
  4103 | D:6      | Noticed Dowan
  4143 | D:5      | Reached skill level 5 in Armour
  4221 | D:5      | Reached XP level 7. HP: 29/53 MP: 6/6
  4496 | D:4      | Found Clolihag's Book Shop.
  4564 | D:4      | Noticed an ogre
  4576 | D:4      | Mangled by an ogre

Action                   |  1- 3 |  4- 6 |  7- 9 || total
-------------------------+-------+-------+-------++-------
Melee: Trident           |   129 |   403 |    50 ||   582
Throw: Spear             |       |     1 |     1 ||     2
Evoke: Wand              |       |     1 |       ||     1
